 Dungeon Crawl Stone Soup version 0.22.1-2-g9c5b331383 (webtiles) character file.

5876 Peloso the Carver (level 10, -2/88 HPs)
             Began as a Minotaur Fighter on Nov 16, 2018.
             Was an Elder of Okawaru.
             Slain by Grum
             ... wielding a -1 halberd of venom
              (15 damage)
             ... on level 9 of the Dungeon.
             The game lasted 00:15:29 (7955 turns).

Peloso the Carver (Minotaur Fighter)                Turns: 7955, Time: 00:15:29

Health: -2/88      AC: 15    Str: 23    XL:     10   Next: 52%
Magic:  9/9        EV: 11    Int:  5    God:    Okawaru [****..]
Gold:   239        SH: 13    Dex: 15    Spells: 9/9 levels left

rFire    . . .     SeeInvis .   b - +2 falchion (drain)
rCold    . . .     Gourm    .   c - +1 shield
rNeg     . . .     Faith    .   t - +3 scale mail "Soylautie" {Dex+4}
rPois    .         Spirit   .   (helmet restricted)
rElec    .         Reflect  .   v - +0 cloak
rCorr    .         Harm     .   r - +0 pair of gloves
MR       .....                  (no boots)
Stlth    +.........             (no amulet)
HPRegen  0.24/turn              k - ring of flight
MPRegen  0.11/turn              B - +1 ring of protection

@: lethally poisoned (-2 -> -10)
A: retaliatory headbutt, horns 2
a: Heroism, Renounce Religion, Evoke Flight


You were on level 9 of the Dungeon.
You worshipped Okawaru.
Okawaru was greatly pleased with you.
You were not hungry.

You visited 2 branches of the dungeon, and saw 10 of its levels.

You collected 369 gold pieces.
You spent 130 gold pieces at shops.

Inventory:

Hand Weapons
 a - a +2 falchion
 b - a +2 falchion of draining (weapon)
Armour
 c - a +1 shield (worn)
 l - a +0 chain mail
 r - a +0 pair of gloves (worn)
 t - the +3 scale mail "Soylautie" (worn) {Dex+4}
   (You found it on level 4 of the Dungeon)

   It affects your dexterity (+4).
 v - a +0 cloak (worn)
Jewellery
 g - a cursed ring of teleportation {unknown}
 k - a ring of flight (left hand)
 B - a +1 ring of protection (right hand)
Wands
 n - a wand of paralysis (17)
 x - a wand of digging (20)
 y - a wand of acid (12)
 C - a wand of polymorph (8)
Scrolls
 e - 5 scrolls of identify
 h - 3 scrolls of fear
 j - 2 scrolls of remove curse
 o - 3 scrolls of enchant weapon
 p - a scroll of enchant armour
 q - 3 scrolls of teleportation
 D - a scroll of vulnerability {unknown}
 E - a scroll of fog
Potions
 d - 2 potions of might
 i - 2 potions of mutation {unknown}
 m - 3 potions of heal wounds
 s - a potion of brilliance {unknown}
 u - a potion of degeneration {unknown}
 w - a potion of lignification {unknown}
 A - 4 potions of curing {unknown}
Comestibles
 f - 13 rations


   Skills:
 + Level 8.1 Fighting
 + Level 11.8 Long Blades
 + Level 8.8 Armour
 + Level 4.3 Dodging
 + Level 1.5 Stealth
 + Level 9.4 Shields


You had 9 spell levels left.
You didn't know any spells.
Your spell library contained the following spells:

 Spells                   Type           Power        Failure   Level  Hunger
 Infusion                 Chrm           #...         94%         1    ##.....
 Shroud of Golubria       Chrm/Tloc      #.........   98%         2    ###....
 Song of Slaying          Chrm           #.......     98%         2    ###....
 Regeneration             Chrm/Necr      #.........   100%        3    ####...
 Spectral Weapon          Hex/Chrm       #.......     100%        3    ####...


Dungeon Overview and Level Annotations

Branches:
Dungeon (9/15)             Temple (1/1) D:5            Lair (0/6) D:8
    Orc: D:9-12

Altars:
Ashenzari
Cheibriados
Dithmenos
Elyvilon
Fedhas
Gozag
Hepliaklqana
Kikubaaqudgha
Okawaru
Sif Muna
Trog
Vehumet
Wu Jian
Yredelemnul
Zin
The Shining One

Shops:
D:5 *   D:6 [

Annotations:
D:9 Grum


Innate Abilities, Weirdness & Mutations

You reflexively headbutt those who attack you in melee.
You have a pair of horns on your head.


Message History

The wolf closely misses you. You furiously retaliate!
You headbutt the wolf, but do no damage.
You barely miss the jackal zombie.
You feel sick. The wolf barely misses you.
You riposte.
You barely miss the wolf. You headbutt the wolf.
The wolf is moderately wounded.
The wolf bites you but does no damage.
Grum snarls.
You block Grum's attack. You block the jackal zombie's attack.
Unknown command.
You slash the jackal zombie!
You destroy the jackal zombie!
You block the wolf's attack. The wolf bites you but does no damage.
You block the wolf's attack.
Unknown command.
You slash something! Your headbutt misses something.
You feel sick. The wolf barely misses you. You furiously retaliate!
You headbutt the wolf, but do no damage.
You block the wolf's attack.
Grum hits you from afar with a halberd of venom!
You die...

#### #..# #..# #.. #..#
#..# #h@# ####..#
#h†######. #........#
#g........ ###........#
#......... .....#
#..####........? .....#
#............... .....#
#...............
.....####..####.........
...........# #.........


You could see Grum and 2 wolves.

Vanquished Creatures
  Harold (D:8)
  A two-headed ogre (D:9)
  Joseph (D:7)
  2 hippogriffs
  A spriggan (D:8)
  A yak (D:8)
  Menkaure (D:7)
  5 porcupines (D:8)
  A phantom (D:6)
  A black bear (D:8)
  2 ice beasts
  An ogre (D:8)
  A wolf (D:9)
  An eye of draining (D:8)
  3 centaurs
  5 bullfrogs
  2 gnoll sergeants
  2 scorpions
  2 howler monkeys
  9 wights
  3 crimson imps
  2 hounds
  3 jellies
  A centaur zombie (D:7)
  3 orc priests
  An iguana (D:4)
  A centaur skeleton (D:8)
  7 orc wizards
  4 worker ants
  A hound zombie (D:7)
  A hound skeleton (D:4)
  A howler monkey zombie (D:8)
  7 gnolls
  11 adders
  An adder zombie (D:6)
  2 adder skeletons
  3 worms
  A dart slug (D:3)
  8 leopard geckos
  34 orcs
  2 ball pythons (D:2)
  5 bats
  9 giant cockroaches
  5 goblins
  3 hobgoblins
  11 jackals
  4 quokkas
  3 frilled lizards
  A jackal zombie (D:9)
  10 kobolds
  A quokka skeleton (D:6)
  6 rats
  3 fungi (D:8)
  A plant (D:8)
202 creatures vanquished.

Vanquished Creatures (others)
  12 fungi (D:8)
  2 plants (D:8)
14 creatures vanquished.

Grand Total: 216 creatures vanquished

Notes
Turn   | Place    | Note
-------+----------+-------------------------------------------
     0 | D:1      | Peloso the Minotaur Fighter began the quest for the Orb.
     0 | D:1      | Reached XP level 1. HP: 19/19 MP: 0/0
   586 | D:1      | Reached XP level 2. HP: 25/27 MP: 1/1
  1111 | D:2      | Reached XP level 3. HP: 33/33 MP: 2/2
  1252 | D:2      | Reached skill level 3 in Long Blades
  1290 | D:2      | Reached XP level 4. HP: 35/41 MP: 3/3
  2211 | D:3      | Found a shattered altar of Ashenzari.
  2241 | D:3      | Reached skill level 5 in Shields
  2250 | D:3      | Reached XP level 5. HP: 41/47 MP: 4/4
  2421 | D:3      | Noticed a centaur
  2430 | D:3      | Killed a centaur
  2430 | D:3      | Reached skill level 4 in Long Blades
  2430 | D:3      | Reached skill level 1 in Dodging
  2446 | D:3      | Found a white marble altar of Elyvilon.
  2472 | D:3      | Reached skill level 5 in Armour
  2472 | D:3      | Reached XP level 6. HP: 21/55 MP: 5/5
  3397 | D:4      | Reached skill level 5 in Fighting
  3397 | D:4      | Reached skill level 5 in Long Blades
  3501 | D:4      | Got a bloodstained scale mail
  3512 | D:4      | Identified the +3 scale mail "Soylautie" {Dex+4} (You found
                  | it on level 4 of the Dungeon)
  3611 | D:4      | Reached XP level 7. HP: 61/61 MP: 6/6
  3906 | D:5      | Entered Level 5 of the Dungeon
  3944 | D:5      | Found Salatao's General Store.
  4134 | D:5      | Reached skill level 6 in Long Blades
  4250 | D:5      | Noticed a hippogriff
  4266 | D:5      | Killed a hippogriff
  4266 | D:5      | Reached skill level 7 in Long Blades
  4266 | D:5      | Reached XP level 8. HP: 42/69 MP: 7/7
  4341 | D:5      | Found a staircase to the Ecumenical Temple.
  4401 | Temple   | Entered the Ecumenical Temple
  4408 | Temple   | Became a worshipper of Warmaster Okawaru
  4622 | D:5      | Bought a scroll of identify for 26 gold pieces
  4622 | D:5      | Bought a scroll of teleportation for 39 gold pieces
  4622 | D:5      | Bought a potion of heal wounds for 65 gold pieces
  4773 | D:6      | Found Tavumyr's Antique Armour Shop.
  5059 | D:6      | Reached skill level 8 in Long Blades
  5213 | D:6      | Reached * piety under Okawaru
  5836 | D:7      | Found an opulent altar of Gozag.
  5987 | D:7      | Noticed Menkaure
  6155 | D:7      | Killed Menkaure
  6155 | D:7      | Reached skill level 9 in Long Blades
  6155 | D:7      | Reached XP level 9. HP: 21/78 MP: 8/8
  6347 | D:7      | Found an ornate altar of the Wu Jian Council.
  6348 | D:7      | Found a deep blue altar of Sif Muna.
  6406 | D:7      | Noticed Joseph
  6424 | D:7      | Killed Joseph
  6424 | D:7      | Reached skill level 1 in Stealth
  6637 | D:8      | Reached ** piety under Okawaru
  6673 | D:8      | Reached skill level 10 in Long Blades
  6877 | D:8      | Found a staircase to the Lair.
  7207 | D:8      | Noticed Harold
  7222 | D:8      | Killed Harold
  7222 | D:8      | Reached *** piety under Okawaru
  7222 | D:8      | Reached skill level 11 in Long Blades
  7222 | D:8      | Reached XP level 10. HP: 72/88 MP: 9/9
  7669 | D:9      | Found a bloodstained altar of Trog.
  7726 | D:9      | Noticed a two-headed ogre
  7734 | D:9      | Killed a two-headed ogre
  7862 | D:9      | Found a radiant altar of Vehumet.
  7888 | D:9      | Reached **** piety under Okawaru
  7916 | D:9      | Noticed Grum
  7955 | D:9      | Slain by Grum

Skill      XL: |  1  2  3  4  5  6  7  8  9 10 |
---------------+-------------------------------+-----
Shields        | 4 5 6 7 8 9 |  9.4
Armour         | 4 5 6 7 8 |  8.8
Fighting       | 4 5 6 7 8 |  8.1
Long Blades    | 3 4 5 7 9 11 | 11.8
Dodging        | 1 2 3 4 |  4.3
Stealth        | 1 |  1.5

Action                   |  1- 3 |  4- 6 |  7- 9 | 10-12 || total
-------------------------+-------+-------+-------+-------++-------
Melee: Long sword        |    91 |   164 |   276 |       ||   531
       Headbutt          |    13 |    28 |    98 |    29 ||   168
       Falchion          |       |       |    39 |    90 ||   129
  Use: Scroll            |       |       |     9 |       ||     9
       Potion            |       |       |       |     1 ||     1
  Eat: Chunk             |     1 |     8 |     8 |     3 ||    20
       Ration            |       |       |     1 |       ||     1
Armor: Scale mail        |    22 |    10 |   102 |    36 ||   170
       Chain mail        |    24 |    86 |       |       ||   110
Dodge: Dodged            |    34 |    38 |    77 |    40 ||   189
Block: Shield            |    52 |    94 |   157 |    79 ||   382
       Rpst.: Long sword |     6 |    11 |    18 |       ||    35
       Falchion          |       |       |     1 |     7 ||     8
